[Event "5th Cesme Open 2017"]
[Site "Cesme"]
[Date "2017.06.17"]
[Round "8.12"]
[White "Arat, Ufuk Sezen"]
[Black "Ozenir, Ekin Baris"]
[Result "1-0"]
[ECO "A62"]
[WhiteElo "2398"]
[BlackElo "2127"]
[Annotator "ChessBase"]
[PlyCount "117"]
[EventType "swiss"]
[EventCountry "TUR"]
[SourceTitle "playchess.com"]
[Source "ChessBase"]
[SourceQuality "1"]
[TimeControl "5400+30"]

1. d4 Nf6 2. c4 e6 3. g3 c5 4. d5 exd5 5. cxd5 d6 6. Nf3 g6 7. Bg2 Bg7 8. Nc3 O-O 9. O-O Re8 10. Bf4 a6 11. a4 Qc7 12. Nd2 Nh5 13. Bg5 h6 14. Be3 Nd7 15. g4 Nhf6 16. h3 Rxe3 17. fxe3 Ne5 18. Qc2 Qe7 19. Nce4 Nxd5 20. Nc3 Nxe3 21. Nd5 Nxd5 22. Bxd5 Be6 23. Qe4 Bxd5 24. Qxd5 Re8 25. Ra3 b5 26. axb5 axb5 27. Ra8 Rxa8 28. Qxa8+ Kh7 29. Qd5 h5 30. Nf3 hxg4 31. hxg4 Nxf3+ 32. Qxf3 Bd4+ 33. Kg2 Kg7 34. b3 b4 35. e3 Be5 36. Qd5 Qe6 37. Qxe6 fxe6 38. g5 d5 39. Kf3 c4 40. Rb1 Bd6 41. bxc4 dxc4 42. Ke4 Bc5 43. Rd1 c3 44. Rd7+ Kf8 45. Kd3 Be7 46. Rb7 Bxg5 47. Rxb4 Bf6 48. Rb7 Ke8 49. e4 g5 50. Rb5 Kf7 51. e5 Bg7 52. Rc5 g4 53. Ke4 Kg6 54. Rxc3 Kg5 55. Rc7 Bh6 56. Rf7 Kh4 57. Rf6 Bg5 58. Rxe6 g3 59. Kf3 1-0

[Event "5th Cesme Open 2017"]
[Site "Cesme"]
[Date "2017.06.17"]
[Round "8.13"]
[White "Sevgi, Volkan"]
[Black "Rzayev, Bahruz"]
[Result "0-1"]
[ECO "E14"]
[WhiteElo "2192"]
[BlackElo "2392"]
[Annotator "RC"]
[PlyCount "50"]
[EventType "swiss"]
[EventCountry "TUR"]
[SourceTitle "playchess.com"]
[Source "ChessBase"]
[SourceQuality "1"]
[TimeControl "5400+30"]

1. d4 Nf6 2. Nf3 c5 3. e3 b6 4. Be2 Bb7 5. c4 e6 6. Nc3 cxd4 7. exd4 d6 8. Bg5 Be7 9. Qa4+ Nbd7 10. O-O O-O 11. Rfd1 h6 12. Bf4 a6 13. b4 d5 14. cxd5 Nxd5 15. Nxd5 Bxd5 16. Ne5 b5 17. Qa3 g5 18. Qg3 Kh8 19. Qh3 Kg7 20. Bd2 f5 21. a4 bxa4 22. Rxa4 Nxe5 23. dxe5 Qd7 24. Qa3 a5 25. Ra1 Bc6 0-1

[Event "5th Cesme Open 2017"]
[Site "Cesme"]
[Date "2017.06.17"]
[Round "8.14"]
[White "Yildiz, Betul Cemre"]
[Black "Seyhanoglu, Deniz"]
[Result "1-0"]
[ECO "B41"]
[WhiteElo "2350"]
[BlackElo "2043"]
[Annotator "NA"]
[PlyCount "101"]
[EventType "swiss"]
[EventCountry "TUR"]
[SourceTitle "playchess.com"]
[Source "ChessBase"]
[SourceQuality "1"]
[TimeControl "5400+30"]

1. e4 c5 2. Nf3 e6 3. d4 cxd4 4. Nxd4 a6 5. c4 Nf6 6. Nc3 Qc7 7. a3 b6 8. Be3 Bb7 {[%emt 0:04:30] B41: Sicilian: Kan Variation: 5 c4} 9. f3 Nc6 10. Rc1 Nxd4 11. Qxd4 Bc5 12. Qd2 {[%emt 0:00:30] LiveBook: 3 Games} Bxe3 13. Qxe3 Qc5 {[%emt 0:03:30] [#]} 14. Qxc5 $146 ({Predecessor:} 14. Qf2 d6 15. Be2 a5 16. Nb5 {0-1 (53) Ganguly,S (2583)-Kamsky,G (2700) Philadelphia 2005}) 14... bxc5 15. e5 Nh5 16. Na4 Rc8 17. Rc3 Ke7 18. Kf2 Rc7 19. Ke3 g5 20. Rb3 Nf4 ({Black should play} 20... Rb8 $11) 21. Nxc5 (21. h4 $16) 21... Rxc5 22. Rxb7 Rxe5+ 23. Kf2 a5 24. g3 Ng6 ({Better is} 24... Nh5 $14) 25. Be2 Ra8 26. Rd1 Nf8 $1 27. b3 Kd8 28. Rd3 Kc8 29. Rb6 Kc7 30. Rbd6 Rb8 31. Bd1 Rc5 32. Ke3 Rc6 33. Rxc6+ Kxc6 34. Kd4 d6 35. Kc3 Kc5 36. Rd2 Nd7 37. Rb2 Kc6 38. Ra2 Nb6 39. b4 axb4+ 40. axb4 Ra8 41. Rxa8 $16 {[%emt 0:08:00] stays on course.} (41. Ba4+ $2 ) 41... Nxa8 42. Ba4+ Kc7 43. c5 (43. Be8) 43... dxc5 44. bxc5 Kd8 45. Kb4 Nc7 46. Bc6 e5 47. Be4 h6 48. Ka5 Ne6 49. Kb6 Ke7 50. Bd5 Nd8 51. c6 $18 1-0

[Event "5th Cesme Open 2017"]
[Site "Cesme"]
[Date "2017.06.17"]
[Round "8.15"]
[White "Kerem, Halil Ozgun"]
[Black "Rahmanov, Shahriyar"]
[Result "1/2-1/2"]
[ECO "A04"]
[WhiteElo "2050"]
[BlackElo "2353"]
[Annotator "NA"]
[PlyCount "170"]
[EventType "swiss"]
[EventCountry "TUR"]
[SourceTitle "playchess.com"]
[Source "ChessBase"]
[SourceQuality "1"]
[TimeControl "5400+30"]

1. Nf3 Nf6 2. g3 c5 3. Bg2 Nc6 4. O-O e5 5. e4 Be7 6. Nc3 O-O 7. d3 d6 8. Nd2 {[%emt 0:00:30] A04: Unusual lines after 1 Nf3 and King's Indian Attack} (8. Kh1 Bd7 9. Ng1 Nd4 10. f4 exf4 11. gxf4 Bc6 12. Nce2 Nxe2 13. Nxe2 Re8 14. c4 b5 15. b3 Rb8 {1-0 (39) Aronian,L (2793)-Karjakin,S (2781) Stavanger 2017}) 8... Nd4 (8... Bg4 $11 9. f3 Be6) 9. a4 Bg4 $146 ({Predecessor:} 9... Ne8 10. Nc4 Rb8 11. Nd5 f5 12. f4 exf4 13. Bxf4 Bg5 14. c3 Nc6 15. Qh5 Bxf4 16. Rxf4 {1-0 (44) Cobb,J (2335)-Bates,R (2345) Edinburgh 1997}) 10. f3 Be6 11. Nc4 h6 12. Ne3 d5 13. f4 dxe4 14. f5 Bc8 15. dxe4 (15. Nxe4 $18 Rb8 16. Nxf6+ Bxf6 17. Be4) 15... b6 16. Ncd5 Ba6 17. Rf2 c4 18. Nxf6+ Bxf6 19. Nd5 Bb7 20. Be3 Bxd5 $1 21. exd5 Bg5 22. Bxd4 exd4 23. Qxd4 Re8 24. Rf3 Qd6 25. Qxc4 Rac8 26. Qd3 Qc5+ 27. Kf1 Qb4 28. b3 Re5 29. h4 (29. Rd1 $16) 29... Bf6 30. Rd1 Rce8 31. Kg1 Qc5+ 32. Kh2 Re3 {[%emt 0:00:29] [#]} 33. Rxe3 ({Better is} 33. Qc4 $1 $16) 33... Rxe3 34. Qc4 $1 Qe7 (34... Qxc4 $14 35. bxc4 Be5) 35. d6 Qe5 36. Qf4 Qxf4 37. gxf4 Bxh4 38. d7 ({White should try} 38. Rd4) 38... Bd8 39. Kg1 Kf8 40. Kf2 Rc3 41. Be4 Ke7 42. Rg1 Kf6 43. Rd1 Rc7 44. Rd6+ Ke7 45. f6+ gxf6 46. Rd1 Rxd7 47. Rxd7+ Kxd7 48. f5 Kd6 49. Kg3 Ke5 50. Bd3 Bc7 51. Kg4 Kd4 52. Bc4 Kc3 53. Bd3 Kd2 54. Be4 a5 55. Bd3 Be5 56. Be4 Ke3 57. Bd3 Bc3 58. Kh5 Kf4 59. Kxh6 Ke5 60. Kg7 Kd6 61. Kxf7 Kd7 62. Bb5+ Kd6 63. Ke8 Be5 64. Kf7 Bc3 65. Kg6 Ke5 66. Bd3 Kd6 67. Kh5 Ke5 68. Kg4 Kd4 69. Kf3 Bd2 70. Ke2 Bf4 71. Kd1 Kc3 72. Be4 Kd4 73. Bd3 Kc3 74. Ke2 Kd4 75. Kf3 Bd2 76. Kg4 Ke5 77. Kh5 Bc3 78. Kg6 Kd6 79. Kf7 Kd7 80. Bb5+ Kd6 81. Ke8 Be5 82. Kd8 Bc3 83. Kc8 Be5 84. Kb7 Kc5 85. Bd3 Bc3 $11 1/2-1/2

[Event "5th Cesme Open 2017"]
[Site "Cesme"]
[Date "2017.06.17"]
[Round "8.16"]
[White "Lomsadze, Davit"]
[Black "Grigoriev, Armen"]
[Result "0-1"]
[ECO "E67"]
[WhiteElo "2341"]
[BlackElo "2105"]
[Annotator "NA"]
[PlyCount "80"]
[EventType "swiss"]
[EventCountry "TUR"]
[SourceTitle "playchess.com"]
[Source "ChessBase"]
[SourceQuality "1"]
[TimeControl "5400+30"]

1. g3 Nf6 2. Bg2 g6 3. Nf3 Bg7 4. O-O O-O 5. d4 d6 6. c4 Nbd7 7. Nc3 e5 8. e3 c6 9. b3 Re8 10. a4 a5 11. Ba3 {[%emt 0:02:30] E67: King's Indian: Fianchetto: 6...Nbd7} Bf8 12. dxe5 $146 (12. d5 $14) ({Predecessor:} 12. Qc2 Qc7 13. Rfd1 Be7 14. Rac1 Nf8 15. dxe5 dxe5 16. Bxe7 Qxe7 17. Nd2 Bf5 18. Qb2 Rad8 19. Nce4 Nxe4 20. Nxe4 Bxe4 21. Bxe4 f6 22. Qc3 Qc5 23. h4 Kg7 24. Bf3 Ne6 {0-1 (24) Roiz,M (2544)-Becerra Rivero,J (2569) Internet 2004}) 12... dxe5 13. Bxf8 Kxf8 14. Qc2 (14. Ng5 $15) 14... Nc5 15. Ng5 Bf5 16. e4 Bd7 17. Rad1 Qe7 18. f4 Bg4 19. Rd2 h6 20. fxe5 Qxe5 21. Rxf6 Qxg5 22. Rdf2 Re7 23. h3 {[%emt 0:14:30] [#]} Be6 $2 ({Black should try} 23... Bf5 $1 $19 24. exf5 Qxf6 25. fxg6 Qd4) 24. Nd5 ({Better is} 24. Kh2) 24... cxd5 25. cxd5 {[%emt 0:04:30] [#]} Nxe4 $1 26. Qxe4 Bf5 $1 27. Qh4 $1 Qxh4 28. gxh4 Ra6 29. Rxa6 bxa6 30. Rd2 Re3 31. d6 Ke8 32. Bd5 Rg3+ 33. Kf2 Rxh3 34. Bc4 $2 (34. Rd4 $17 {is a better defense.}) 34... Rxh4 35. Kg3 Rg4+ 36. Kf3 h5 37. Bxa6 Be6 38. Bb5+ Kd8 $19 39. d7 Bxb3 40. Re2 Bd1 0-1

[Event "5th Cesme Open 2017"]
[Site "Cesme"]
[Date "2017.06.17"]
[Round "8.17"]
[White "Bilyap, Enis"]
[Black "Gokerkan, Cem Kaan"]
[Result "1-0"]
[ECO "A48"]
[WhiteElo "2017"]
[BlackElo "2333"]
[Annotator "NA"]
[PlyCount "61"]
[EventType "swiss"]
[EventCountry "TUR"]
[SourceTitle "playchess.com"]
[Source "ChessBase"]
[SourceQuality "1"]
[TimeControl "5400+30"]

1. d4 Nf6 2. Bf4 g6 3. Nf3 Bg7 4. e3 O-O 5. Be2 d6 6. h3 Nc6 7. O-O Nd7 8. c3 {[%emt 0:03:30] A48: 1 d4 Nf6 2 Nf3 g6: Torre, London and Colle Systems} e5 9. Bh2 f5 10. dxe5 (10. a4 Qe7 11. Na3 Nd8 12. dxe5 Nxe5 13. Nc4 Nxf3+ 14. Bxf3 Nf7 {½-½ (23) Tomashevsky,E (2711)-Salem,A (2656) Sharjah 2017}) 10... dxe5 11. Nbd2 Kh8 12. Nc4 Qe7 13. Qc2 g5 14. Rad1 Nb6 $146 ({Predecessor:} 14... e4 15. Nd4 {1-0 (24) Gralka,P (2285)-Bobras,P (2355) Augustow 1996}) 15. a4 f4 16. Nxb6 axb6 17. Bd3 h5 18. exf4 exf4 19. Rfe1 Qf6 $1 20. Qe2 Qh6 (20... Rxa4 $11 {keeps the balance.} 21. Ne5 Nxe5 22. Qxh5+ Qh6 23. Qxh6+ Bxh6 24. Rxe5 Rd8) 21. h4 g4 22. Ng5 Rxa4 $2 {[%emt 0:05:30] [#]} (22... Ne5 {is tougher.}) 23. Qe8 $1 Kg8 24. Bc2 Rc4 25. Bb3 b5 26. Bxc4+ bxc4 27. Qe4 Be5 28. Qd5+ Kg7 29. Rxe5 Nxe5 30. Qxe5+ Qf6 31. Bxf4 $18 (31. Qxc7+ $142 Rf7 32. Nxf7 Qxf7 33. Qxc8) 1-0

[Event "5th Cesme Open 2017"]
[Site "Cesme"]
[Date "2017.06.17"]
[Round "8.18"]
[White "Ozsakallioglu, Okan"]
[Black "Kilic, Efe Mert"]
[Result "0-1"]
[ECO "C25"]
[WhiteElo "1925"]
[BlackElo "2331"]
[Annotator "NA"]
[PlyCount "92"]
[EventType "swiss"]
[EventCountry "TUR"]
[SourceTitle "playchess.com"]
[Source "ChessBase"]
[SourceQuality "1"]
[TimeControl "5400+30"]

1. e4 e5 2. Nc3 Nc6 3. Bc4 g6 {[%emt 0:00:30] C25: Vienna Game: Alternatives to 2...Nf6} (3... Nf6 4. d3 Na5 5. Nge2 Nxc4 6. dxc4 Bc5 7. O-O d6 8. Qd3 O-O 9. Be3 Nd7 10. Ng3 a5 11. b3 h6 12. Rad1 Re8 13. Nd5 c6 14. Nc3 Bxe3 15. Qxe3 Nc5 16. Rd2 {1-0 (63) Nakamura,H (2787)-Carlsen,M (2853) chess.com INT 2016}) 4. d3 Bg7 5. a3 d6 6. Nge2 Be6 7. O-O Nge7 8. Bxe6 fxe6 9. f4 O-O 10. Ng3 Qd7 11. Nce2 $146 Rf7 12. fxe5 Rxf1+ 13. Nxf1 dxe5 14. Be3 Rd8 15. Rb1 Nd4 16. Nc1 a5 17. c3 Ndc6 18. Qb3 b6 19. Nd2 Kh8 20. Nf3 h6 21. Qd1 Nc8 22. b3 Nd6 23. Qe1 Nf7 24. Qg3 Kh7 25. Rb2 a4 26. b4 Na7 27. c4 Nc6 28. Re2 Ne7 29. Rd2 Nc6 30. Ne2 Qe7 31. Nh4 g5 32. Nf3 Nd4 33. Bxd4 exd4 34. e5 c5 35. bxc5 bxc5 36. Rb2 h5 (36... Qc7 $11) 37. h4 g4 38. Nf4 gxf3 39. Rb6 Nxe5 40. Rxe6 Qf7 41. Nh3 f2+ 42. Kf1 Qf5 43. Ng5+ Kg8 44. Re7 $19 Ng4 45. Rf7 Qxf7 46. Nxf7 Re8 0-1

[Event "5th Cesme Open 2017"]
[Site "Cesme"]
[Date "2017.06.17"]
[Round "8.19"]
[White "Arman, Deniz"]
[Black "Maden, Mirac Kerem"]
[Result "0-1"]
[ECO "D00"]
[WhiteElo "2324"]
[BlackElo "1879"]
[Annotator "NA"]
[PlyCount "114"]
[EventType "swiss"]
[EventCountry "TUR"]
[SourceTitle "playchess.com"]
[Source "ChessBase"]
[SourceQuality "1"]
[TimeControl "5400+30"]

1. d4 Nf6 2. Nf3 e6 3. Bf4 c5 4. Nc3 d5 5. e3 {[%emt 0:02:30] D00: 1 d4 d5: Unusual lines} Be7 (5... a6 6. a3 Nc6 7. Bd3 Bd6 8. dxc5 Bxc5 9. O-O Bd6 10. Bxd6 Qxd6 11. e4 d4 12. Ne2 e5 {½-½ (76) Rapport,R (2691)-Vitiugov,N (2737) Caleta 2014}) 6. Bd3 c4 $146 ({Predecessor:} 6... O-O 7. O-O Nc6 8. h3 b6 9. a3 Bb7 10. Re1 Nh5 11. Bh2 f5 12. g4 fxg4 13. hxg4 Nf6 14. g5 Ng4 15. Bf4 Nxf2 16. Kxf2 cxd4 17. Nxd4 Nxd4 {½-½ (73) Farrand,J-Miles,A (2285) Brighton 1972}) 7. Be2 Bd7 8. Ne5 b5 9. Bf3 b4 10. Ne2 Nc6 11. g4 h6 12. h4 Qa5 13. Kf1 Qb6 14. Kg2 Bc8 15. Ng3 Nd7 16. Nh5 (16. Nxd7 $14 Bxd7 17. Ne2) 16... Ncxe5 17. Bxe5 f6 (17... Nxe5 $15 18. dxe5 O-O) 18. Bg3 O-O 19. Nf4 Bb7 20. Ng6 Rfe8 21. g5 Kh7 22. Bh5 Nf8 $2 (22... fxg5 $16 {is a better chance.} 23. Nxe7 Rxe7) 23. gxh6 Nxg6 24. Qg4 Nxh4+ 25. Rxh4 g5 26. Bg6+ Kh8 27. Bxe8 Rxe8 28. Rh5 $2 (28. f4 $18 Rg8 29. h7) 28... Kh7 29. Qe2 (29. f4 $16 f5 30. Qe2) 29... Rg8 30. c3 Bc6 31. f4 Be8 32. fxg5 f5 33. Rh2 Bxg5 34. Kf2 Qa5 35. cxb4 Qxb4 36. a3 Bxe3+ 37. Kf1 Rxg3 38. Qxe3 Qd6 39. Qe5 Qxe5 40. dxe5 Rb3 41. Rc1 d4 42. Ke1 Bb5 43. Rcc2 Re3+ 44. Kd2 Rxe5 45. Rc1 Rc5 46. Rh3 e5 47. Rg1 Rc7 48. Rhg3 e4 49. Rg7+ Rxg7 50. hxg7 Kg8 51. Ke2 c3+ 52. Kd1 d3 53. bxc3 e3 54. Kc1 d2+ 55. Kc2 Ba4+ 56. Kd3 f4 57. Ke2 a6 $19 0-1

[Event "5th Cesme Open 2017"]
[Site "Cesme"]
[Date "2017.06.17"]
[Round "8.20"]
[White "Ainutdinov, Alexander"]
[Black "Tuncer, Tuna"]
[Result "0-1"]
[ECO "B06"]
[WhiteElo "2007"]
[BlackElo "2302"]
[Annotator "NA"]
[PlyCount "104"]
[EventType "swiss"]
[EventCountry "TUR"]
[SourceTitle "playchess.com"]
[Source "ChessBase"]
[SourceQuality "1"]
[TimeControl "5400+30"]

1. e4 g6 2. d4 Bg7 3. Nc3 d6 4. Be3 a6 5. h3 b5 {[%emt 0:00:30] B06: Modern Defence} 6. a3 (6. Bd3 Nd7 7. Nf3 c5 8. a4 b4 9. Ne2 cxd4 10. Nfxd4 Bb7 11. O-O Ngf6 12. Ng3 O-O 13. Nb3 {1-0 (33) Sebag,M (2496)-Gharamian,T (2654) Cap d'Agde 2015}) 6... Bb7 7. Nf3 Nd7 8. d5 c6 (8... Bxc3+ $5 9. bxc3 Ngf6 $11) 9. Bd4 Ngf6 10. dxc6 Bxc6 11. Bd3 Qb8 $146 ({Predecessor:} 11... O-O 12. O-O Qc7 13. Re1 {½-½ (23) Jiang,L (2072)-Yoos,J (2369) Montreal 2007}) 12. O-O Qb7 13. Re1 O-O 14. Nd2 Rad8 (14... e5 $5 15. Be3 $8 Nc5 $15) 15. Nb3 Qc7 16. Nd5 Nxd5 17. Bxg7 Kxg7 18. exd5 Bxd5 19. Rxe7 Bxb3 20. cxb3 Qb6 21. Rc1 Rfe8 22. Qe1 Ne5 23. Rxe8 Rxe8 24. Qc3 d5 25. Kf1 d4 26. Qd2 Qd6 27. Kg1 Qe6 28. b4 Qxh3 29. gxh3 Nf3+ 30. Kg2 Nxd2 31. Rd1 Ne4 32. Re1 Nf6 33. Rc1 Re6 34. Rc5 {[%emt 0:01:41] [#]} Rd6 (34... Nh5 $1 $19 35. Kf3 Rf6+ 36. Ke4 Rf4+ 37. Ke5 Rxf2) 35. Kf3 Nd7 36. Rc7 Ne5+ 37. Ke2 h5 38. b3 Nxd3 39. Kxd3 h4 40. Rb7 Rf6 41. Kxd4 Rf3 42. a4 Rxb3 43. Kc5 bxa4 44. Ra7 Rxh3 45. Rxa6 Rf3 46. b5 h3 47. Rxa4 h2 48. Ra1 Rxf2 49. b6 Rb2 50. Rh1 {[%emt 0:00:22] [#]} g5 $1 51. b7 Rxb7 52. Rxh2 Rd7 $19 0-1

[Event "5th Cesme Open 2017"]
[Site "Cesme"]
[Date "2017.06.17"]
[Round "8.21"]
[White "Kuyucuogullari, Cagakan"]
[Black "Tokat, Nehir"]
[Result "0-1"]
[ECO "D85"]
[WhiteElo "1505"]
[BlackElo "1493"]
[Annotator "NA RC"]
[PlyCount "142"]
[EventType "swiss"]
[EventCountry "TUR"]
[SourceTitle "playchess.com"]
[Source "ChessBase"]
[SourceQuality "1"]
[TimeControl "5400+30"]

1. d4 Nf6 2. c4 g6 3. Nc3 d5 4. cxd5 Nxd5 5. Na4 Nf6 6. Nf3 Bg7 7. e3 O-O 8. Bd3 a6 9. O-O Nbd7 10. Qc2 b5 11. Nc5 Nd5 12. Bd2 Nxc5 13. Qxc5 Qd6 14. Rac1 Bb7 15. Ng5 Qxc5 16. Rxc5 h6 17. Nf3 Rac8 18. Ba5 c6 19. Rfc1 g5 20. h3 f5 21. Kh2 e6 22. a3 Bf6 23. R5c2 Be7 24. Kg1 Bd6 25. Be2 Kg7 26. Nd2 e5 27. Nb3 Rce8 28. Bf3 e4 29. Bh5 Re7 30. Bd2 Rc7 31. Na5 Ne7 32. Bd1 Ba8 33. Nb3 Bb7 34. Nc5 Bxc5 35. Rxc5 Nd5 36. Bb3 Rcc8 37. Bb4 Nxb4 38. axb4 Kf6 39. Re5 Rce8 40. Rcc5 Rxe5 41. Rxe5 Bc8 42. Kf1 Bd7 43. Ke2 Re8 44. Rc5 h5 45. g3 h4 46. Kf1 Rh8 47. Kg2 hxg3 48. fxg3 f4 49. gxf4 gxf4 50. exf4 Bxh3+ 51. Kf2 Bd7 52. Bc2 Rh2+ 53. Ke3 Rg2 54. Kxe4 Rxc2 55. Rh5 Rxb2 56. Rh6+ Kg7 57. Rd6 Be8 58. Rd8 Kf7 59. Ra8 Rxb4 60. Rxa6 c5 61. Ra7+ Kf8 62. Ke5 Rxd4 63. Rc7 Rc4 64. f5 b4 65. Kf6 b3 66. Rh7 Rg4 67. Rh8+ Rg8 68. Rh3 c4 69. Ke5 b2 70. Rh1 c3 71. f6 c2 0-1

[Event "5th Cesme Open 2017"]
[Site "Cesme"]
[Date "2017.06.17"]
[Round "8.22"]
[White "Barik, Ertunc Bahadir"]
[Black "Daloglu, Berkay"]
[Result "0-1"]
[ECO "A36"]
[WhiteElo "1538"]
[BlackElo "1659"]
[Annotator "NA"]
[PlyCount "87"]
[EventType "swiss"]
[EventCountry "TUR"]
[SourceTitle "playchess.com"]
[Source "ChessBase"]
[SourceQuality "1"]
[TimeControl "5400+30"]

1. c4 c5 2. Nc3 Nc6 3. g3 g6 4. e4 Bg7 5. Bg2 Nf6 6. Nge2 e5 7. O-O O-O 8. d3 h6 9. f4 d6 10. h3 Nd4 11. Be3 Nh5 12. Qd2 Kh7 13. Kh2 a6 14. fxe5 dxe5 15. g4 Nf6 16. g5 Ng8 17. Ng3 hxg5 18. Bxg5 f6 19. Be3 Bh6 20. Rf2 Bxe3 21. Qxe3 Be6 22. Nd5 Bxd5 23. exd5 Rc8 24. Raf1 Rc7 25. Ne4 Nf5 26. Rxf5 gxf5 27. Rxf5 Qe8 28. Nd6 Qg6 29. Be4 Kh8 30. Rxe5 Qh6 31. Qxh6+ Nxh6 32. Re8 Kg7 33. Nf5+ Nxf5 34. Rxf8 Kxf8 35. Bxf5 Re7 36. Be4 f5 37. d6 Re6 38. Bxb7 Rxd6 39. h4 Rb6 40. Bc8 Rxb2+ 41. Kg3 Rxa2 42. Kf4 a5 43. Bxf5 Rf2+ 44. Ke4 0-1

[Event "5th Cesme Open 2017"]
[Site "Cesme"]
[Date "2017.06.17"]
[Round "8.23"]
[White "Rahmani, Jamshid"]
[Black "Bektas, Cagan Erdem"]
[Result "0-1"]
[ECO "D03"]
[WhiteElo "1692"]
[BlackElo "1319"]
[Annotator "NA RC"]
[PlyCount "64"]
[EventType "swiss"]
[EventCountry "TUR"]
[SourceTitle "playchess.com"]
[Source "ChessBase"]
[SourceQuality "1"]
[TimeControl "5400+30"]

1. d4 Nf6 2. Nf3 e6 3. Bg5 Be7 4. e3 O-O 5. Bd3 d5 6. Nbd2 Nbd7 7. Qe2 c5 8. c3 b6 9. O-O Bb7 10. Rac1 Rc8 11. Bb1 Re8 12. Bh4 h6 13. Qd3 Qc7 14. Bg3 Bd6 15. Bxd6 Qxd6 16. Rfe1 Qc7 17. e4 dxe4 18. Nxe4 Bxe4 19. Rxe4 Nxe4 20. Qxe4 Nf6 21. Qd3 cxd4 22. Nxd4 Red8 23. Qe3 Ng4 24. Qe4 Qxh2+ 25. Kf1 Qh1+ 26. Ke2 Qxc1 27. Qh7+ Kf8 28. Qh8+ Ke7 29. Qxg7 Qxb1 30. Qxg4 Qxb2+ 31. Kd1 Qxc3 32. Qh4+ f6 0-1

[Event "5th Cesme Open 2017"]
[Site "Cesme"]
[Date "2017.06.17"]
[Round "8.24"]
[White "Tarhan, Adar"]
[Black "Ersoy, Bora"]
[Result "1/2-1/2"]
[ECO "B06"]
[WhiteElo "1587"]
[BlackElo "1675"]
[Annotator "NA"]
[PlyCount "83"]
[EventType "swiss"]
[EventCountry "TUR"]
[SourceTitle "playchess.com"]
[Source "ChessBase"]
[SourceQuality "1"]
[TimeControl "5400+30"]

1. e4 g6 2. d4 Bg7 3. Nf3 c5 4. Be3 d6 5. Bb5+ Bd7 6. Bxd7+ Nxd7 7. O-O cxd4 8. Bxd4 Ngf6 9. Re1 O-O 10. c4 e5 11. Bc3 Nc5 12. Qc2 Rc8 13. Nbd2 Nh5 14. Rad1 Qe7 15. b3 f5 16. Bb4 Qf6 17. Bxc5 Rxc5 18. Nf1 f4 19. Qd3 Rd8 20. b4 Rcc8 21. Qd5+ Qf7 22. c5 Qxd5 23. Rxd5 dxc5 24. Rxc5 Rxc5 25. bxc5 Bf6 26. Rb1 Rd7 27. g4 fxg3 28. hxg3 Ng7 29. Ne3 Ne6 30. Ng4 Be7 31. Ngxe5 Rc7 32. Nd3 Nxc5 33. Nxc5 Bxc5 34. Kg2 b6 35. Ng5 Re7 36. f3 h6 37. Nh3 Rd7 38. Rb2 Rd1 39. Nf4 Kf7 40. Ne2 Kf6 41. Nc3 Rc1 42. Nb5 1/2-1/2